 Dungeon Crawl Stone Soup version 0.31-a0-18-gea43df2a32 (webtiles) character file.

Game seed: 18184047573376758651

79 sircluck the Sneak (level 4, -12/27 HPs)
             Began as a Kobold Brigand on May 9, 2023.
             Killed by divine providence
             ... invoked by an orc priest
              (16 damage)
             ... on level 3 of the Dungeon.
             The game lasted 00:01:39 (2227 turns).

sircluck the Sneak (Kobold Brigand)                 Turns: 2227, Time: 00:01:39

Health: -12/27     AC:  4    Str:  8    XL:     4   Next: 64%
Magic:  4/4        EV: 14    Int: 12    God:
Gold:   156        SH:  0    Dex: 18    Spells: 3/3 levels left

rFire   . . .        a - +2 dagger
rCold   . . .        (no shield)
rNeg    . . .        p - +0 leather armour
rPois   .            (no helmet)
rElec   .            c - +0 cloak
rCorr   .            (no gloves)
SInv    .            (no boots)
Will    .....        (no amulet)
Stlth   ++++         (no ring)
HPRegen 0.24/turn    (no ring)
MPRegen 0.09/turn

%: no passive effects
@: no status effects
A: small, no large weapons, nightstalker 3
a: no special abilities


You were on level 3 of the Dungeon.
You visited 1 branch of the dungeon, and saw 3 of its levels.

You collected 156 gold pieces.

Inventory:

Hand Weapons
 a - a +2 dagger (weapon)
 h - a +0 rapier
Missiles
 d - 11 poisoned darts (quivered)
 e - 3 curare-tipped darts
 f - 8 stones
 l - 4 atropa-tipped darts
 m - 2 boomerangs
Armour
 b - a +0 robe
 c - a +0 cloak (worn)
 p - a +0 leather armour (worn)
Scrolls
 i - a scroll of fog {unknown}
 n - 2 scrolls of poison {unknown}
 q - a scroll of amnesia {unknown}
 r - 4 scrolls of identify {unknown}
 s - 2 scrolls of teleportation {unknown}
 t - a scroll of noise {unknown}
 u - a scroll of silence {unknown}
 w - a scroll of enchant armour {unknown}
Potions
 g - a potion of berserk rage {unknown}
 j - a potion of lignification {unknown}
 k - a potion of curing {unknown}
 o - a potion of haste {unknown}
 v - a potion of flight {unknown}


   Skills:
 + Level 2.6 Fighting
 + Level 3.4 Short Blades
 + Level 2.3 Throwing
 + Level 1.7 Dodging
 + Level 6.9 Stealth


You had 3 spell levels left.
You didn't know any spells.
Your spell library contained the following spells:

 Spells                   Type           Power      Damage    Failure   Level
 Sublimation of Blood     Necr           0%         N/A       58%         2
 Wereblood                Tmut           0%         N/A       58%         2
 Call Canine Familiar     Summ           0%         N/A       82%         3
 Portal Projectile        Hex/Tloc       0%         N/A       82%         3
 Leda's Liquefaction      Hex/Erth       0%         N/A       99%         4
 Summon Hydra             Summ           0%         N/A       100%        7


Dungeon Overview and Level Annotations

Branches:
Dungeon (3/15)

Altars:
Ru
Zin


Innate Abilities, Weirdness & Mutations

You are small and have problems with some larger weapons.
You are completely attuned to the shadows.


Message History

You closely miss the orc.
The orc is lightly wounded.
The orc completely misses you.
You hit the orc.
The orc is severely wounded.
The orc hits you with a +0 mace.
You closely miss the orc.
The orc is severely wounded.
The orc hits you with a +0 mace.
* * * LOW HITPOINT WARNING * * *
You hit the orc.
You kill the orc!
Unknown command.
You hit the orc but do no damage. The orc hits you with a +0 mace.
* * * LOW HITPOINT WARNING * * *
You hit the orc but do no damage. The orc misses you.
You hit the orc but do no damage. You hit the orc.
The orc is lightly wounded.
The orc closely misses you.
You hit the orc.
The orc is severely wounded.
The orc hits you but does no damage.
You closely miss the orc.
The orc is severely wounded.
The orc barely misses you.
You barely miss the orc.
The orc is severely wounded.
The orc hits you with a +0 mace.
* * * LOW HITPOINT WARNING * * *
You hit the orc but do no damage.
The orc is heavily wounded.
The orc priest calls upon Beogh to heal the orc.
The orc's wounds heal themselves!
The orc closely misses you. The orc attacks as you move away!
The orc hits you with a +0 mace.
* * * LOW HITPOINT WARNING * * *
The orc priest calls down the wrath of Beogh upon you.
Beogh smites you!
Ouch! That really hurt!
You die...

.......####
..........##
...........#
...........########
####
........@.o.o)......
...#
.............###.###
##.#
.............##...#
#.#
.............#..o..#
##.##
.............##......
#...## ###.######
##....# ...#.#
##.#.## #..... #.#.##
#.###.# #..## ##.#.##


You could see an orc priest and an orc.

Vanquished Creatures
  A jelly (D:3)
  A gnoll (D:1)
  A dart slug (D:3)
  An orc (D:3)
  2 ball pythons
  4 bats
  4 endoplasms
  2 giant cockroaches
  A hobgoblin (D:1)
  4 jackals (D:1)
  2 quokkas
  A frilled lizard (D:1)
  3 goblins
  2 kobolds
  5 rats
34 creatures vanquished.

Notes
Turn   | Place    | Note
-------+----------+-------------------------------------------
     0 | D:1      | sircluck the Kobold Brigand began the quest for the Orb.
     0 | D:1      | Reached XP level 1. HP: 12/12 MP: 1/1
    32 | D:1      | Reached XP level 2. HP: 17/17 MP: 2/2
    99 | D:1      | Reached skill level 6 in Stealth
   473 | D:1      | Reached XP level 3. HP: 21/21 MP: 3/3
   514 | D:1      | Found a faded altar of an unknown god.
  1867 | D:3      | Found a glowing silver altar of Zin.
  1955 | D:3      | Reached XP level 4. HP: 27/27 MP: 4/4
  2123 | D:3      | Found a sacrificial altar of Ru.
  2227 | D:3      | Killed from afar by an orc priest

Illustrated notes

Levels and vault maps discovered:
D:1:      elethiomel_arrival_quiet, layout_basic,
          chequers_ecumenical_altar_grove, minmay_ruptured
D:2:      layout_loops_ring, kennysheep_potato
D:3:      layout_loops_corners, mainiacjoe_overflow_tiny_flanked,
          mainiacjoe_overflow_boulevard, mainiacjoe_overflow_catwalk, uniq_robin

Skill      XL: |  1  2  3 |
---------------+----------+-----
Stealth        | 6 |  6.9
Short Blades   | 3 |  3.4
Fighting       | |  2.6
Throwing       | |  2.3
Dodging        | |  1.7

Action                     |  1- 3 |  4- 6 || total
---------------------------+-------+-------++-------
  Melee: Dagger            |    57 |    22 ||    79
         Punch             |     1 |       ||     1
   Stab: Sleeping          |    18 |     2 ||    20
 Armour: Robe              |     8 |       ||     8
         Leather armour    |     1 |     2 ||     3
  Dodge: Dodged            |    35 |    11 ||    46

Table legend: (Time is in decaauts)
 A = Elapsed time spent in this place.
 B = Non-inter-level travel time spent in this place.
 C = Inter-level travel time spent in this place.
 D = Time resting spent in this place.
 E = Time spent auto-exploring this place.
 F = Levels seen in this place.
 G = Mean time per level.
                   A        B        C        D        E       F      G
               +--------+--------+--------+--------+--------+-----+--------+
         Total |   2214 |   2118 |     96 |      0 |   1874 |   3 |  738.0 |
       Dungeon |   2214 |   2118 |     96 |      0 |   1874 |   3 |  738.0 |
               +--------+--------+--------+--------+--------+-----+--------+

Top non-repeatable levels by time:
     D:1: 978 daAuts
     D:2: 837 daAuts
     D:3: 399 daAuts
